 Dungeon Crawl Stone Soup version 0.31.0-12-g77e489cdc1 (webtiles) character file.

Game seed: 5004232797909730644

902 Cheops the Ruffian (level 8, -1/45 HPs)
             Began as an Octopode Shapeshifter on Feb 28, 2024.
             Was an Initiate of Okawaru.
             Slain by a gnoll
             ... wielding a +0 spear
             ... led by a gnoll sergeant
              (4 damage)
             ... on level 5 of the Dungeon.
             The game lasted 00:10:44 (5026 turns).

Cheops the Ruffian (Octopode Shapeshifter)          Turns: 5026, Time: 00:10:45

Health: -1/45      AC:  1    Str: 20 (21) XL:     8   Next: 7%
Magic:  8/8        EV: 17    Int:  9 (12) God:    Okawaru [......]
Gold:   304        SH:  0    Dex: 15 (18) Spells: 7/7 levels left

rFire   . .          .
                       - Unarmed
rCold   . . .        k - melded +0 buckler
rNeg    . . .        (helmet restricted)
rPois   .            (no amulet)
rElec   .            w - +6 ring of dexterity
rCorr   .            m - +6 ring of strength
SInv    +            r - ring of see invisible
Will    +....        (no ring)
Stlth   +            (no ring)
HPRegen 0.27/turn    (no ring)
MPRegen 0.11/turn    (no ring)
                     (no ring)

%: no passive effects
@: flux-form, enlightened, flying, glowing
A: glow, contaminating, reduced hp, almost no armour, amphibious, 8 rings,
camouflage 1, gelatinous body 1, (nimble swimmer 1), tentacles
a: Begin Untransformation, Renounce Religion


You were on level 5 of the Dungeon.
You worshipped Okawaru.
Okawaru was noncommittal.
You were something dangerously unstable.
You visited 2 branches of the dungeon, and saw 6 of its levels.

You collected 304 gold pieces.

Inventory:

Armour
 k - a +0 buckler (melded)
Jewellery
 e - an amulet of faith
 m - a +6 ring of strength (right tentacle)
 r - a ring of see invisible (on tentacle)
 w - a +6 ring of dexterity (left tentacle)
Talismans
 b - a beast talisman
 c - a flux talisman (active)
 d - a serpent talisman
Wands
 u - a wand of charming (11)
Scrolls
 f - a scroll of enchant armour {unknown}
 g - a scroll of teleportation {unknown}
 h - a scroll of revelation {unknown}
 l - a scroll of immolation
 n - a scroll of noise {unknown}
 p - a scroll of fog
 q - a scroll of brand weapon {unknown}
 x - a scroll of amnesia {unknown}
 y - a scroll of enchant weapon {unknown}
Potions
 a - a potion of lignification
 j - 2 potions of curing
 o - 2 potions of brilliance
 t - a potion of magic {unknown}
 v - a potion of heal wounds {unknown}
 z - 2 potions of haste {unknown}


   Skills:
 - Level 1.0 Fighting
 - Level 2.0 Dodging
 - Level 3.0 Shields
 - Level 6.3 Unarmed Combat
 + Level 6.3 Shapeshifting


You had 7 spell levels left.
You didn't know any spells.
Your spell library contained the following spells:

 Spells                   Type           Power      Damage    Failure   Level
 Foxfire                  Conj/Fire      0%         2x1d4     38%         1
 Dazzling Flash           Conj/Hex       0%         N/A       77%         3
 Mephitic Cloud           Conj/Alch/Air  0%         N/A       77%         3
 Curse of Agony           Necr           0%         N/A       100%        5
 Silence                  Hex/Air        0%         N/A       100%        5
 Plasma Beam              Fire/Air       0%         2x1d10    100%        6
 Starburst                Conj/Fire      0%         6d3       100%        6


Dungeon Overview and Level Annotations

Branches:
Dungeon (5/15)             Temple (1/1) D:5

Altars:
Ashenzari
Cheibriados
Dithmenos
Elyvilon
Fedhas
Hepliaklqana
Okawaru
Qazlal
Ru
Sif Muna
Trog
Wu Jian
Xom
Yredelemnul
Zin
The Shining One


Innate Abilities, Weirdness & Mutations

You are something dangerously unstable.
You glow with magical radiation, making you easy to see and hit.
Foes you strike become dangerously contaminated with magical radiation.
Your maximum health is decreased, since you lack skill for your form.
You are incapable of wielding weapons or throwing items.
You cannot wear most types of armour.
You are amphibious.
You can wear up to eight rings at the same time.
Your skin changes colour to match your surroundings (Stealth+).
Your rubbery body absorbs attacks. (AC +1, EV +1)
((You are camouflaged when in or above water. (Stealth+)))
You have tentacles for arms and can constrict up to eight enemies at once.


Message History

Unknown command.
The gnoll bouda gazes fiercely through you!
You feel your attacks grow feeble.
The gnoll is no longer moving quickly. x2
The gnoll is no longer moving quickly.
Your attacks no longer feel as feeble.
The gnoll bouda barks out a call to the hunt!
The gnolls pick up the pace!
The gnoll attacks as it pursues you! The gnoll misses you. x2
The gnoll closely misses you.
The gnoll's inner flame fades away.
The gnoll bouda's inner flame fades away.
The gnoll's inner flame fades away.
The gnoll attacks as it pursues you! The gnoll hits you with a +0 flail.
The gnoll hits you with a +0 flail! The gnoll attacks as it pursues you!
The gnoll closely misses you. The gnoll attacks as it pursues you!
The gnoll hits you with a +0 flail!
* * * LOW HITPOINT WARNING * * *
Unknown command.
Unknown command.
The gnoll is no longer moving quickly.
The gnoll attacks as it pursues you! The gnoll hits you with a +0 flail!
* * * LOW HITPOINT WARNING * * *
Unknown command.
Unknown command.
Unknown command.
The gnoll attacks as it pursues you! The gnoll misses you.
The gnoll attacks as it pursues you! The gnoll barely misses you.
It was a potion of degeneration.
There was something very wrong with that liquid.
You feel weakened.
You feel dopey.
You feel clumsy. The gnoll hits you with a +0 flail!
* * * LOW HITPOINT WARNING * * *
Unknown command.
Unknown command.
It was a potion of enlightenment.
You feel very buoyant.
You fly up into the air.
The gnoll hits you from afar with a +0 spear.
You die...

.............#
#...........#
###...gg..g##
##....g.####g#
###....####
#.# #....###
#g## ...###
##g# .### #g##
## #.p# ##.#
#.## ##.# #.#
#.## ##.# #.##
#..#


You could see a gnoll bouda and 4 gnolls.

Vanquished Creatures
  Grinder (D:3)
  2 black bears
  An ice beast (D:5)
  A centaur (D:5)
  3 hounds
  7 gnolls
  8 adders
  2 ufetubi (D:5)
  3 dart slugs
  5 orcs
  9 ball pythons
  9 endoplasms
  4 giant cockroaches
  6 goblins
  4 hobgoblins
  3 jackals (D:3)
  5 kobolds
  7 quokkas
  3 bats
  5 frilled lizards
  4 rats
92 creatures vanquished.

Vanquished Creatures (collateral kills)
  A gnoll (D:4)
  2 orcs (D:4)
3 creatures vanquished.

Grand Total: 95 creatures vanquished

Notes
Turn   | Place    | Note
-------+----------+-------------------------------------------
     0 | D:1      | Cheops the Octopode Shapeshifter began the quest for the
                  | Orb.
     0 | D:1      | Reached XP level 1. HP: 13/13 MP: 1/1
   147 | D:1      | Reached XP level 2. HP: 18/18 MP: 2/2
   395 | D:1      | Found a faded altar of an unknown god.
   579 | D:1      | Reached XP level 3. HP: 23/23 MP: 3/3
  1895 | D:3      | Reached XP level 4. HP: 24/28 MP: 4/4
  1985 | D:3      | Reached skill level 5 in Unarmed Combat
  1987 | D:3      | Reached skill level 1 in Shields
  2099 | D:3      | Noticed Grinder
  2108 | D:3      | Paralysed by Grinder for 2 turns
  2114 | D:3      | Killed Grinder
  2115 | D:3      | Reached XP level 5. HP: 7/33 MP: 5/5
  2115 | D:3      | Reached XP level 6. HP: 8/38 MP: 6/6
  3036 | D:4      | Noticed a black bear
  3318 | D:4      | Found a hazy altar of Hepliaklqana.
  3424 | D:4      | Killed a black bear
  3425 | D:4      | Reached XP level 7. HP: 21/43 MP: 7/7
  3681 | D:4      | HP: 1/43 [gnoll/+0 halberd (13)]
  4135 | D:5      | Entered Level 5 of the Dungeon
  4377 | D:5      | Reached skill level 5 in Shapeshifting
  4704 | D:5      | Found a staircase to the Ecumenical Temple.
  4710 | Temple   | Entered the Ecumenical Temple
  4717 | Temple   | Became a worshipper of Warmaster Okawaru
  4925 | D:5      | Reached XP level 8. HP: 48/48 MP: 8/8
  5026 | D:5      | Slain by a gnoll

Illustrated notes

Levels and vault maps discovered:
D:1:      dpeg_arrival_solitude, layout_basic,
          ebering_ecumenical_altar_sacrificial
D:2:      layout_loops_ring
D:3:      minmay_general_purpose_star, layout_loops_ring, minmay_box_of_dots,
          uniq_grinder
D:4:      layout_basic, mainiacjoe_overflow_catwalk, dreamdust_gnoll_farm
D:5:      layout_cave_pods, minmay_temple_entry_hall, minivault_19
Temple:   eino_wide_crystal_templ

Skill      XL: |  1  2  3  4  5  6  7 |
---------------+----------------------+-----
Unarmed Combat | 4 6 |  6.3
Shields        | 2 3 |  3.0
Shapeshifting  | 6 |  6.3
Fighting       | |  1.0
Dodging        | |  2.0

Action                     |  1- 3 |  4- 6 |  7- 9 || total
---------------------------+-------+-------+-------++-------
  Melee: Unarmed           |    65 |    54 |    50 ||   169
         Constrict         |    14 |    13 |    14 ||    41
         Tentacles         |    11 |     7 |    15 ||    33
         Punch             |     1 |     2 |     2 ||     5
Ability: Begin Untransform |     2 |       |       ||     2
  Evoke: Wand              |       |       |     2 ||     2
    Use: Potion            |       |       |     4 ||     4
         Scroll            |       |       |     3 ||     3
   Stab: Sleeping          |     7 |     7 |     2 ||    16
 Armour: Skin              |    24 |    21 |    38 ||    83
  Dodge: Dodged            |    26 |    22 |    52 ||   100
  Block: Buckler           |       |     4 |    12 ||    16
   Form: Beast             |     2 |       |       ||     2
         Flux              |       |       |     1 ||     1
